AoeStats
← Orca17

Black Forest

508733890Analyzed
4v4 RM · 10d ago on Sep 23, 2026· 50m 58s· 8 players
Game mode
Random Map
Map size
Large (8 player)
Population
200
Speed
Normal
Resources
Standard
Victory
Conquest
Starting age
Dark Age
Ending age
Imperial Age
RankedLock teamsTeams togetherTeam positionsShared explorationLock speedFull tech treeHidden civsTurbo modeCheats
Victory
Defeat
🇮🇪 Mongols · Ireland
1695
+6
🇮🇪 Lithuanians · Ireland
1563
+11
🇱🇧 Japanese · Lebanon
1378
+18
🇺🇸 Ethiopians · United States
1142
+96
🇹🇷 Burgundians · Türkiye
1447
-16
🇩🇪 Spanish · Germany
1436
-16
🇩🇪 Danes · Germany
1436
-16
🇺🇸 Koreans · United States
1409
-14
Nighthawk
13:31 Feudal Age
14:56 Loom
18:23 Castle Age
17:16 Horse Collar
17:28 Double-Bit Axe
22:17 Wheelbarrow
27:44 Hand Cart
28:59 Gold Mining
33:20 Imperial Age
31:52 Scale Barding Armor
31:59 Forging
33:24 Stone Mining
34:08 Heavy Plow
34:23 Bow Saw
33:41 Cavalier
34:22 Husbandry
34:33 Bloodlines
34:46 Chain Barding Armor
35:08 Iron Casting
34:54 Caravan
36:17 Paladin
45:55 Plate Barding Armor
46:22 Blast Furnace
47:09 Two-Man Saw
mylove__
7:10 Loom
9:41 Feudal Age
10:17 Double-Bit Axe
14:39 Horse Collar
18:43 Castle Age
17:09 Bow Saw
18:52 Heavy Plow
25:25 Two-Man Saw
25:05 Fishing Lines
26:23 Wheelbarrow
26:11 Stone Mining
26:56 Crop Rotation
27:58 Gillnets
28:19 Gold Mining
29:06 Caravan
32:00 Imperial Age
30:31 Scale Mail Armor
30:42 Forging
31:05 Squires
30:51 Arson
31:43 Ballistics
31:51 Chain Mail Armor
31:22 Pikeman
32:07 Halberdier
33:23 Iron Casting
33:32 Plate Mail Armor
34:23 Conscription
35:24 Chemistry
34:42 Burgundian Vineyards
37:29 Blast Furnace
41:46 Capped Ram
49:39 Padded Archer Armor
50:40 Elite Skirmisher
51:37 Leather Archer Armor
51:13 Fletching
Orca17
1:06 Loom
15:33 Feudal Age
15:33 Man-at-Arms
16:21 Double-Bit Axe
19:41 Castle Age
18:59 Fishing Lines
21:08 Bow Saw
23:56 Gold Mining
28:26 Gold Shaft Mining
28:23 Horse Collar
29:23 Wheelbarrow
28:53 Gillnets
29:45 Heavy Plow
31:51 Hand Cart
32:43 Caravan
35:29 Imperial Age
33:35 Scale Mail Armor
33:45 Forging
34:45 Chain Mail Armor
35:33 Onager
35:38 Northmen's Fury
36:41 Conscription
36:53 Siege Engineers
37:49 Chemistry
36:12 Pikeman
36:58 Squires
37:49 Siege Onager
37:55 Elite Varangian Guard
39:58 Ballistics
40:21 Fletching
40:19 Siege Onager
51:34 Plate Mail Armor
51:39 Iron Casting
Bungo
0:51 Loom
17:07 Feudal Age
17:37 Double-Bit Axe
17:56 Fishing Lines
19:00 Horse Collar
26:32 Castle Age
25:15 Gold Mining
27:26 Bow Saw
27:51 Fletching
30:59 Caravan
34:34 Imperial Age
33:09 Wheelbarrow
33:57 Gold Shaft Mining
33:49 Eupseong
35:16 Masonry
35:19 Bodkin Arrow
36:27 Chemistry
36:41 Bracer
37:03 Siege Engineers
37:04 Heavy Rocket Cart
39:41 Architecture
40:03 Guilds
40:24 Coinage
41:23 Shinkichon
41:24 Conscription
43:02 Ballistics
42:28 Arrowslits
42:24 Treadmill Crane
42:40 Murder Holes
letshavefun
0:26 Loom
12:40 Feudal Age
14:30 Double-Bit Axe
16:29 Fletching
22:25 Castle Age
20:57 Horse Collar
24:11 Wheelbarrow
24:00 Bow Saw
34:27 Imperial Age
34:35 Onager
36:28 Chemistry
36:28 Halberdier
37:21 Forging
37:46 Scale Mail Armor
38:59 Chain Mail Armor
39:20 Iron Casting
40:14 Plate Mail Armor
40:49 Hand Cart
42:13 Blast Furnace
41:58 Siege Onager
44:23 Siege Engineers
45:45 Torsion Engines
Madbun
5:05 Loom
11:17 Feudal Age
11:29 Man-at-Arms
15:08 Town Watch
18:26 Double-Bit Axe
20:44 Wheelbarrow
24:41 Castle Age
23:22 Fishing Lines
25:57 Bow Saw
27:22 Gillnets
30:46 Imperial Age
29:50 Scale Mail Armor
29:12 Pikeman
29:57 Gold Mining
30:28 Squires
31:22 Onager
33:19 Block Printing
34:43 Conscription
35:33 Halberdier
37:13 Theocracy
36:49 Redemption
39:21 Tower Shields
40:39 Chemistry
40:01 Fervor
39:51 Atonement
39:47 Herbal Medicine
40:38 Chain Mail Armor
42:07 Illumination
42:19 Forging
45:24 Iron Casting
47:27 Guard Tower
47:58 Ballistics
47:20 Treadmill Crane
48:00 Caravan
LaochraGael
8:20 Feudal Age
9:03 Loom
9:09 Double-Bit Axe
10:21 Horse Collar
19:10 Castle Age
17:46 Forging
20:15 Bow Saw
20:07 Town Watch
22:47 Wheelbarrow
23:12 Gold Mining
24:06 Heavy Plow
29:16 Gold Shaft Mining
29:29 Stone Mining
32:24 Imperial Age
30:25 Fortified Wall
31:07 Stone Shaft Mining
30:48 Hand Cart
30:43 Fletching
30:53 Padded Archer Armor
31:43 Ballistics
31:18 Bodkin Arrow
33:10 Leather Archer Armor
32:24 Elite Mangudai
33:15 Bracer
33:43 Thumb Ring
34:47 Chemistry
34:47 Parthian Tactics
34:44 Conscription
34:40 Husbandry
35:19 Hoardings
34:59 Bloodlines
34:58 Caravan
41:46 Coinage
43:30 Capped Ram
44:22 Siege Ram
46:53 Drill
46:35 Onager
47:26 Siege Engineers
49:32 Banking
Katnip
11:35 Feudal Age
12:16 Loom
12:29 Double-Bit Axe
19:47 Fishing Lines
23:58 Castle Age
24:59 Bow Saw
25:26 Wheelbarrow
24:36 Horse Collar
30:58 Imperial Age
28:49 Hand Cart
28:33 Gold Mining
28:34 Stone Mining
29:45 Ballistics
29:35 Fortified Wall
29:17 Guard Tower
30:24 Gillnets
30:52 Heavy Plow
31:40 Fletching
32:59 Chemistry
32:39 Keep
32:44 Bodkin Arrow
32:46 Murder Holes
33:43 Conscription
33:26 Yasama
33:29 Bracer
34:53 Two-Man Saw
35:11 Gold Shaft Mining
34:35 Town Watch
35:46 Forging
35:36 Scale Mail Armor
36:03 Caravan
37:48 Iron Casting
37:28 Chain Mail Armor
37:52 Arrowslits
38:15 Siege Engineers
38:23 Masonry
39:35 Blast Furnace
40:49 Plate Mail Armor
42:06 Gambesons
42:21 Squires
41:41 Man-at-Arms
42:09 Arson
43:26 Long Swordsman
44:43 Two-Handed Swordsman
46:09 Champion
51:54 Kataparuto
Connection lost

Rejoining the realm…

Still unreachable

The connection could not be restored.

Session expired

The server has moved on; the page needs a fresh start.